 Dungeon Crawl Stone Soup version 0.27.1-35-g4d5d836560 (webtiles) character file.

Game seed: 15345529360297560469

6341 Delamore the Slicer (level 10, -5/66 HPs)
             Began as an Octopode Brigand on Apr 7, 2022.
             Was an Initiate of Gozag.
             Slain by a boulder beetle (56 damage)
             ... on level 10 of the Dungeon.
             The game lasted 00:14:36 (17804 turns).

Delamore the Slicer (Octopode Brigand)             Turns: 17804, Time: 00:14:37

Health: -5/66      AC:  1    Str: 10    XL:     10   Next: 96%
Magic:  10/10      EV: 23    Int: 20    God:    Gozag
Gold:   719        SH:  6    Dex: 17    Spells: 9/9 levels left

rFire    + . .     SeeInvis .   n - +3 dagger
rCold    . . .     Faith    .   s - +0 buckler
rNeg     . . .     Spirit   .   (helmet restricted)
rPois    +         Reflect  .   (no amulet)
rElec    .         Harm     .   d - ring of poison resistance
rCorr    .         Rampage  .   e - +6 ring of intelligence
Will     .....                  z - ring of protection from fire
Stlth    ++++++....             G - +4 ring of evasion
HPRegen  0.21/turn              K - +4 ring of evasion
MPRegen  0.12/turn              (no ring)
                                (no ring)
                                (no ring)

@: gold aura
A: almost no armour, amphibious, 8 rings, camouflage 1, gelatinous body 1,
(nimble swimmer 1), tentacles
a: Renounce Religion, Potion Petition, Call Merchant, Bribe Branch


You were on level 10 of the Dungeon.
You worshipped Gozag.
Gozag was pleased with you.
You visited 2 branches of the dungeon, and saw 11 of its levels.
You also visited: Ossuary.

You collected 814 gold pieces.
You paid 95 gold pieces to Gozag.

Inventory:

Hand Weapons
 a - a +2 dagger
 n - a +3 dagger (weapon)
 p - a +1 dagger of holy wrath
 J - a +0 rapier
Missiles
 b - 48 poisoned darts
 c - 6 curare-tipped darts
 D - 9 boomerangs
 I - a throwing net (quivered)
Armour
 s - a +0 buckler (worn)
 E - a +0 kite shield
Jewellery
 d - a ring of poison resistance (left tentacle)
 e - a +6 ring of intelligence (right tentacle)
 z - a ring of protection from fire (on tentacle)
 G - a +4 ring of evasion (on tentacle)
 K - a +4 ring of evasion (on tentacle)
Wands
 C - a wand of acid (5)
 H - a wand of flame (9)
Scrolls
 g - 2 scrolls of amnesia
 h - 8 scrolls of teleportation
 i - 2 scrolls of enchant armour
 k - a scroll of silence
 l - a scroll of fear
 o - a scroll of vulnerability
 v - 2 scrolls of magic mapping
 y - 2 scrolls of immolation
 F - a scroll of identify
 M - a scroll of fog
Potions
 f - 2 potions of curing
 j - 3 potions of lignification
 m - 2 potions of ambrosia
 q - 2 potions of heal wounds
 r - 2 potions of might
 t - 2 potions of brilliance
 u - 2 potions of degeneration {unknown}
 w - 5 potions of berserk rage
 x - 2 potions of mutation
 A - a potion of resistance {unknown}
 B - 2 potions of haste {unknown}
Miscellaneous
 L - a tin of tremorstones (inert)


   Skills:
 - Level 5.0 Fighting
 + Level 10.8 Short Blades
 - Level 5.0 Throwing
 - Level 5.0 Dodging
 - Level 10.0 Stealth
 + Level 6.7 Shields


You had 9 spell levels left.
You didn't know any spells.
Your spell library contained the following spells:

 Spells                   Type           Power      Damage    Failure   Level
 Magic Dart               Conj           0%         1d3       19%         1
 Ensorcelled Hibernation  Hex/Ice        0%         N/A       28%         2
 Searing Ray              Conj           0%         3d3       28%         2
 Slow                     Hex            0%         N/A       28%         2
 Confusing Touch          Hex            0%         N/A       50%         3
 Spider Form              Tmut/Pois      0%         N/A       50%         3
 Tukima's Dance           Hex            0%         N/A       50%         3
 Vampiric Draining        Necr           0%         2d6       50%         3
 Fulminant Prism          Conj/Hex       0%         3d6       88%         4
 Passage of Golubria      Tloc           N/A        N/A       88%         4
 Yara's Violent Unravell  Hex/Tmut       0%         3d3       99%         5
 Shadow Creatures         Summ           N/A        N/A       100%        6


Dungeon Overview and Level Annotations

Branches:
Dungeon (10/15)            Temple (1/1) D:6            Lair (0/6) D:10
Ossuary (visited)
    Orc: D:9-12

Altars:
Ashenzari
Cheibriados
Dithmenos
Elyvilon
Fedhas
Gozag
Hepliaklqana
Kikubaaqudgha
Makhleb
Nemelex Xobeh
Okawaru
Qazlal
Ru
Sif Muna
Trog
Vehumet
Xom
Yredelemnul
The Shining One


Innate Abilities, Weirdness & Mutations

You cannot wear most types of armour.
You are amphibious.
You can wear up to eight rings at the same time.
Your skin changes colour to match your surroundings (Stealth+).
Your rubbery body absorbs attacks. (AC +1, EV +1)
((You are camouflaged near water. (Stealth+)))
You have tentacles for arms and can constrict up to eight enemies at once.


Message History

Aiming: Corrosive Bolt
Press: ? - help, Shift-Dir - straight line, f - yaktaur
Aim: a yaktaur, quivering bolts (severely wounded, 94% to hit)
The bolt of acid hits the tengu warrior.
The tengu warrior is splashed with acid.
The acid corrodes the tengu warrior!
The tengu warrior is heavily wounded.
The bolt of acid hits the yaktaur.
The yaktaur is splashed with acid.
The yaktaur is almost dead.
The bolt of acid hits the yak!
The yak is splashed with acid.
The acid corrodes the yak!
The yak is heavily wounded.
A yak comes into view.
The tengu warrior barely misses you. x2; The tengu warrior closely misses you.
Aiming: Corrosive Bolt
Press: ? - help, Shift-Dir - straight line, f/p - yaktaur
Aim: a yaktaur, quivering bolts (almost dead, 94% to hit)
The bolt of acid hits the tengu warrior!
The tengu warrior is splashed with acid.
The tengu warrior seems to be corroded for longer.
The tengu warrior is almost dead.
The bolt of acid hits the yaktaur!
The yaktaur is splashed with acid.
The acid corrodes the yaktaur!
You kill the yaktaur!
The bolt of acid hits the centaur warrior!
The centaur warrior is splashed with acid.
The centaur warrior is heavily wounded.
The centaur shoots an arrow.
The arrow completely misses you.
A gnoll sergeant comes into view. It is wielding a +0 trident.
You block the boulder beetle's attack.
The tengu warrior hits you with a +0 great sword!
The tengu warrior pecks you! The tengu warrior misses you.
The centaur shoots an arrow.
The arrow completely misses you.
The boulder beetle curls into a ball and begins rolling!
A kobold demonologist comes into view.
It is wielding a +0 dagger of electrocution.
The kobold demonologist casts a spell.
The boulder beetle hits you!!!
Ouch! That really hurt!
You die...
Your body crumbles into a pile of gold.

.# ..# #...PPPP..#. .##.#
#≈.PP>P..≈#. $ ## #.#.#
#..PPPPP..#. Y#...#c#.#
#.##P..##.#. .gYY.Yc°.#
##..#...#..#. ))($...#Q#
#.#...≈...#.. [|)[##l#○#
#....###..... ### .##B#
#............ .##@.#
#.......#.... .##$.##
#.......#....
##.###..#####.......#....
...........!..!$$...#....
...K.[..#####.......#....
.######## #.......#....
#.......# $ #.......#
#.......#


You could see a boulder beetle (rolling), a tengu warrior (corroded) and a
kobold demonologist.

Vanquished Creatures
  A yaktaur (D:10)
  3 trolls
  Grinder (D:3)
  A wyvern (D:9)
  2 vampires
  2 wraiths
  Sigmund (D:3)
  A shadow (D:9)
  Eustachio (D:4)
  A yak (D:10)
  Grum (D:8)
  An acid dragon (D:8)
  Edmund (D:6)
  3 water moccasins
  5 orc warriors
  A black bear (D:7)
  An ice beast (D:7)
  2 necrophages (D:7)
  2 wolves
  5 centaurs
  An elf zombie (D:4)
  A kobold brigand (D:7)
  Blork the orc (D:6)
  A gnoll sergeant (D:6)
  4 elf skeletons (D:4)
  A scorpion (D:7)
  A wyvern skeleton (D:6)
  A water moccasin zombie (D:5)
  A lava snake (D:9)
  A centaur zombie (D:8)
  3 jellies
  A hound (D:5)
  2 centaur skeletons
  2 orc priests
  2 gnoll shamans
  2 human zombies
  3 iguanas
  Ijyb (D:3)
  10 orc wizards
  A killer bee zombie (D:7)
  A hound skeleton (D:5)
  3 mummies (Ossuary)
  Robin (D:3)
  A howler monkey skeleton (D:5)
  16 gnolls
  6 adders
  A shadow imp (D:5)
  A white imp (D:7)
  2 ufetubi
  An adder skeleton (D:4)
  2 worms
  2 dart slugs
  22 orcs
  8 ball pythons
  3 endoplasms
  4 giant cockroaches
  A gnoll zombie (Ossuary)
  15 goblins
  8 hobgoblins
  6 jackals
  15 kobolds
  6 quokkas
  6 bats
  2 frilled lizards (D:3)
  3 goblin zombies (Ossuary)
  2 hobgoblin zombies (Ossuary)
  2 kobold zombies (Ossuary)
  7 rats
223 creatures vanquished.

Notes
Turn   | Place    | Note
-------+----------+-------------------------------------------
     0 | D:1      | Delamore the Octopode Brigand began the quest for the Orb.
     0 | D:1      | Reached XP level 1. HP: 14/14 MP: 1/1
    92 | D:1      | Reached XP level 2. HP: 6/19 MP: 2/2
   682 | D:1      | Reached XP level 3. HP: 24/24 MP: 3/3
  1395 | D:2      | Found a faded altar of an unknown god.
  1448 | D:2      | Reached XP level 4. HP: 18/29 MP: 4/4
  1590 | D:2      | Found a glowing golden altar of the Shining One.
  1931 | D:3      | Noticed Robin
  2355 | D:3      | Killed Robin
  2677 | D:3      | Noticed Sigmund
  2688 | D:3      | Killed Sigmund
  2689 | D:3      | Reached XP level 5. HP: 23/34 MP: 5/5
  2689 | D:3      | Reached XP level 6. HP: 26/39 MP: 6/6
  3212 | D:3      | Noticed Ijyb
  3224 | D:3      | Killed Ijyb
  3712 | D:4      | Noticed Eustachio
  3718 | D:4      | Killed Eustachio
  3719 | D:4      | Reached XP level 7. HP: 45/45 MP: 7/7
  3729 | D:4      | Noticed Grinder
  3738 | D:3      | Killed Grinder
  3739 | D:3      | Reached skill level 5 in Short Blades
  3739 | D:3      | Reached skill level 10 in Stealth
  4113 | D:4      | Found a sand-covered staircase.
  4228 | Ossuary  | Entered an ossuary
  4228 | Ossuary  | Noticed a wraith
  4228 | Ossuary  | Noticed a wraith
  4228 | Ossuary  | Noticed a wraith
  4342 | Ossuary  | Reached XP level 8. HP: 40/50 MP: 8/8
  4737 | Ossuary  | Noticed a wraith
  4739 | Ossuary  | Killed a wraith
  4977 | D:5      | Entered Level 5 of the Dungeon
  5810 | D:4      | Found a bloodstained altar of Trog.
  6032 | D:4      | Found a snail-covered altar of Cheibriados.
  6036 | D:4      | Found a sacrificial altar of Ru.
  6037 | D:4      | Found an iron altar of Okawaru.
  6038 | D:4      | Found a stormy altar of Qazlal.
  6335 | D:5      | HP: 2/50 [water moccasin zombie (6)]
  7126 | D:5      | Identified the +2 mace "Miusmud" {freeze, Int+4}
  7170 | D:5      | Reached XP level 9. HP: 54/54 MP: 9/9
  7708 | D:6      | Noticed Edmund
  7730 | D:6      | Killed Edmund
  7731 | D:6      | Reached skill level 1 in Shields
  8305 | D:6      | Noticed a troll
  8307 | D:6      | Noticed Blork the orc
  8561 | D:6      | Killed Blork the orc
  8632 | D:6      | Killed a troll
  8722 | D:6      | Noticed a troll
  9010 | D:6      | Killed a troll
  9419 | D:7      | Reached skill level 10 in Short Blades
 11352 | D:6      | Found a radiant altar of Vehumet.
 11757 | D:6      | Found a staircase to the Ecumenical Temple.
 11766 | Temple   | Entered the Ecumenical Temple
 11843 | Temple   | Became a worshipper of Gozag Ym Sagoz the Greedy
 12282 | D:7      | Reached XP level 10. HP: 45/65 MP: 10/10
 12651 | D:7      | Identified the +3 trident of the Abyss {vorpal, *Rage rElec
                  | Str+9 Int-3}
 12804 | D:7      | Reached skill level 5 in Fighting
 13766 | D:8      | Noticed Grum
 14070 | D:8      | Reached skill level 5 in Dodging
 14077 | D:8      | Killed Grum
 14303 | D:8      | Reached skill level 5 in Shields
 14962 | D:9      | Reached skill level 5 in Throwing
 17240 | D:10     | Entered Level 10 of the Dungeon
 17264 | D:10     | Found a staircase to the Lair.
 17321 | D:9      | HP: 3/66 [vampire (12)]
 17794 | D:10     | Noticed a boulder beetle
 17795 | D:10     | Noticed a centaur warrior
 17797 | D:10     | Noticed a tengu warrior
 17803 | D:10     | Noticed a kobold demonologist
 17804 | D:10     | Slain by a boulder beetle

Illustrated notes

Levels and vault maps discovered:
D:1:      ebering_hopf_link, layout_loops_cross
D:2:      layout_basic, ebering_ecumenical_altar_box, basic_altar
D:3:      layout_basic, patterned_corridor, uniq_robin, uniq_sigmund, uniq_ijyb
D:4:      layout_rooms, minitemple, nicolae_ossuary_entry_catacombs,
          grunt_ministairs_8, minmay_misc_feat_hallway, uniq_eustachio,
          uniq_grinder
D:5:      layout_basic
D:6:      layout_basic, vehumet_crystals, minmay_temple_entry_offerings,
          minmay_misc_feat_plants, kb_rosetta, uniq_edmund, uniq_blork_the_orc
D:7:      layout_basic, kennysheep_generic_room_11
D:8:      layout_cave_pools, uniq_grum
D:9:      layout_irregular_city, mrwooster_statue_mirror,
          kennysheep_generic_room_5
D:10:     minmay_the_grid_octo_triangle [minmay_the_grid_octo_teeth,
          minmay_the_grid_octo_prize_ultimate_mussel_roller,
          minmay_the_grid_octo_tetromino_candy], layout_gridville,
          dpeg_oklobed_lair, serial_shops, kennysheep_mini,
          nicolae_stop_n_shop_1, shop, nicolae_shop_crystal,
          nicolae_shop_firing_range
Temple:   eino_temple_scatter_basement

Skill      XL: |  1  2  3  4  5  6  7  8  9 10 |
---------------+-------------------------------+-----
Stealth        | 6 7 8 9 10 | 10.0
Short Blades   | 3 4 6 9 10 | 10.8
Dodging        | 4 5 |  5.0
Shields        | 4 6 |  6.7
Fighting       | 4 5 |  5.0
Throwing       | 5 |  5.0

Action                   |  1- 3 |  4- 6 |  7- 9 | 10-12 || total
-------------------------+-------+-------+-------+-------++-------
Melee: Dagger            |    75 |    64 |   353 |   309 ||   801
       Constrict         |    17 |    19 |    58 |    23 ||   117
       Tentacles         |     9 |    13 |    77 |    75 ||   174
Throw: Dart              |       |     4 |    36 |    13 ||    53
       Throwing net      |       |       |     2 |     1 ||     3
       Boomerang         |       |       |     2 |       ||     2
Evoke: Wand              |       |       |     4 |     4 ||     8
       Tin of tremorston |       |       |       |     2 ||     2
  Use: Scroll            |     5 |     1 |     7 |     4 ||    17
       Potion            |       |       |     2 |     8 ||    10
 Stab: Sleeping          |    19 |     4 |    16 |    15 ||    54
       Held in net/web   |       |       |     1 |       ||     1
Armor: Skin              |     1 |     4 |     9 |     7 ||    21
Dodge: Dodged            |    35 |    29 |   187 |   173 ||   424
Block: Buckler           |       |       |     6 |    51 ||    57
